 Dungeon Crawl Stone Soup version 0.16.0-12-g7215832 (webtiles) character file.

559 ketsa the Conjurer (level 7, -3/36 HPs)
             Began as a Deep Elf Conjurer on Mar 18, 2015.
             Killed by nerve-wracking pain
             ... invoked by an orc priest
              (13 damage)
             ... on level 4 of the Dungeon.
             The game lasted 00:14:53 (3952 turns).

ketsa the Conjurer (Deep Elf Conjurer)              Turns: 3952, Time: 00:14:53

Health: -3/36      AC:  2    Str:  5    XL:     7   Next: 9%
Magic:  29/34      EV: 13    Int: 27    God:
Gold:   102        SH:  0    Dex: 15    Spells: 3 memorised, 14 levels left

rFire  . . .     SeeInvis .     g - +0 short sword
rCold  . . .     Clarity  .     d - +0 robe
rNeg   . . .     SustAb   .     (no shield)
rPois  +         Gourm    .     (no helmet)
rElec  .         Spirit   .     (no cloak)
rCorr  .         Warding  .     (no gloves)
rMut   .         Stasis   .     (no boots)
MR     .....                    (no amulet)
Stlth  ++........               p - ring of poison resistance
                                l - ring of magical power

@: brilliant, not resistant to hostile enchantments, unstealthy
A: no striking features
a: no special abilities


You were on level 4 of the Dungeon.
You were not hungry.

You visited 1 branch of the dungeon, and saw 4 of its levels.

You collected 102 gold pieces.

Inventory:

Hand weapons
 g - a +0 short sword (weapon)
 j - a +0 dagger
Missiles
 i - 14 stones (quivered)
Armour
 a - a +0 robe
 d - a +0 robe (worn)
 k - a +0 robe
Jewellery
 l - a ring of magical power (left hand)
 p - a ring of poison resistance (right hand)
 y - an uncursed ring of flight
 B - an uncursed ring of protection from fire
Scrolls
 e - 3 scrolls of amnesia {unknown}
 f - 5 scrolls of identify
 q - 2 scrolls of magic mapping {unknown}
 t - a scroll of remove curse {unknown}
 u - a scroll of teleportation {unknown}
 v - a scroll of blinking {unknown}
 w - a scroll of fog {unknown}
Potions
 h - a potion of agility {unknown}
 m - a potion of resistance {unknown}
 n - a potion of flight {unknown}
 o - a potion of curing {unknown}
 r - a potion of poison {unknown}
 s - a potion of brilliance
 z - a potion of berserk rage {unknown}
 A - 2 potions of restore abilities
Books
 c - a book of Conjurations

   Spells                             Type                      Level
   a - Magic Dart                     Conjuration                  1
   b - Searing Ray                    Conjuration                  2
   c - Dazzling Spray                 Conjuration/Hexes            3
   d - Fulminant Prism                Conjuration/Hexes            4
   e - Iskenderun's Mystic Blast      Conjuration                  4
   f - Iskenderun's Battlesphere      Conjuration/Charms           5
Comestibles
 b - 5 bread rations
 x - a beef jerky
 C - 3 chunks of flesh


   Skills:
 - Level 2.4 Dodging
 - Level 2.4 Stealth
 + Level 7.1 Spellcasting
 + Level 7.7 Conjurations


You had 14 spell levels left.
You knew the following spells:

 Your Spells              Type           Power        Failure   Level  Hunger
a - Magic Dart            Conj           ####         1%          1    None
b - Searing Ray           Conj           ######       1%          2    None
c - Dazzling Spray        Conj/Hex       #####...     1%          3    None


Dungeon Overview and Level Annotations

Branches:
Dungeon (4/15)
 Temple: D:4-7

Altars:
Makhleb
Okawaru
Qazlal

Annotations:
D:3 Jessica; Zapata's ghost, average KoBe
D:4 Edmund


Message History

Casting: Searing Ray
Confirm with . or Enter, or press ? or * to list all spells.
You can't see any susceptible monsters within range! (Use Z to cast anyway.)
Casting: Searing Ray
Confirm with . or Enter, or press ? or * to list all spells.
Aiming: Magic Dart
Press: ? - help, Shift-Dir - straight line, f - orc priest
Aim: an orc priest, wielding a flail The magic dart hits the orc priest.
The orc priest is moderately wounded.
Casting: Magic Dart
Confirm with . or Enter, or press ? or * to list all spells.
Aiming: Searing Ray
Press: ? - help, Shift-Dir - straight line, f/p - orc priest
Aim: an orc priest, wielding a flail (moderately wounded)
The searing ray hits the orc priest.
The orc priest is severely wounded.
The orc priest invokes the aid of Beogh against you.
Pain shoots through your body!
You die...

#...........# #......>...(#
#.........).#
...........######
..........).....##
.....o.....))....#
#.#....#....(...>#
.....#.)#.........# .
........@.........# b.###
..................#
..#.............##.......##
#......#.....##. #########
#.............#.#
..............#.##
..................
..)....##.........
...................


You could see an orc priest.

Vanquished Creatures
  Grinder (D:4)
  A hound (D:2)
  2 iguanas (D:4)
  A worker ant (D:4)
  Robin (D:3)
  8 adders
  5 gnolls
  2 giant geckos
  3 oozes
  10 orcs
  12 bats
  8 giant cockroaches
  17 goblins
  12 hobgoblins
  15 kobolds
  2 quokkas
  3 ball pythons
  2 giant newts
  7 rats
112 creatures vanquished.

Notes
Turn   | Place    | Note
--------------------------------------------------------------
     0 | D:1      | ketsa, the Deep Elf Conjurer, began the quest for the Orb.
     0 | D:1      | Reached XP level 1. HP: 10/10 MP: 5/5
   385 | D:1      | Reached XP level 2. HP: 15/15 MP: 4/8
   424 | D:1      | Learned a level 2 spell: Searing Ray
  1248 | D:2      | Reached skill level 5 in Conjurations
  1248 | D:2      | Reached XP level 3. HP: 19/19 MP: 6/12
  1424 | D:2      | Reached XP level 4. HP: 17/24 MP: 7/15
  1469 | D:2      | Learned a level 3 spell: Dazzling Spray
  1481 | D:2      | Found a burning altar of Makhleb.
  1752 | D:2      | Found an iron altar of Okawaru.
  2345 | D:3      | Found a stormy altar of Qazlal.
  2360 | D:3      | Noticed Zapata's ghost (average KoBe)
  2454 | D:3      | Reached skill level 6 in Conjurations
  2497 | D:3      | Noticed Robin
  2643 | D:3      | Killed Robin
  2643 | D:3      | Reached XP level 5. HP: 22/28 MP: 18/18
  2670 | D:3      | Reached skill level 5 in Spellcasting
  3117 | D:3      | Noticed Jessica
  3188 | D:4      | Found a glowing drain.
  3260 | D:4      | Noticed Grinder
  3261 | D:4      | Paralysed by Grinder for 5 turns
  3271 | D:4      | Killed Grinder
  3271 | D:4      | Reached skill level 7 in Conjurations
  3271 | D:4      | Reached XP level 6. HP: 14/32 MP: 7/22
  3561 | D:4      | Noticed Edmund
  3693 | D:4      | Reached XP level 7. HP: 25/36 MP: 23/24
  3952 | D:4      | Killed from afar by an orc priest

Action                   |  1- 3 |  4- 6 |  7- 9 || total
-------------------------+-------+-------+-------++-------
Melee: Unarmed           |     3 |       |       ||     3
       Short sword       |       |     3 |       ||     3
 Cast: Magic Dart        |    67 |   133 |    17 ||   217
       Searing Ray       |       |    10 |     4 ||    14
  Use: Scroll            |       |     1 |       ||     1
       Potion            |       |       |     1 ||     1
  Eat: Chunk             |     1 |     7 |     1 ||     9
